 Dungeon Crawl Stone Soup version 0.30-a0-122-g2a1322497e (webtiles) character file.

Game seed: 17587728424057970653

15 greasedhog the Stinger (level 2, 0/15 HPs)
             Began as a Gargoyle Venom Mage on Sept 17, 2022.
             Slain by a gnoll
             ... wielding a +0 flail
              (1 damage)
             ... on level 2 of the Dungeon.
             The game lasted 00:01:13 (1104 turns).

greasedhog the Stinger (Gargoyle Venom Mage)        Turns: 1104, Time: 00:01:14

Health: 0/15       AC:  4    Str: 11    XL:     2   Next: 50%
Magic:  5/5        EV: 11    Int: 15    God:
Gold:   35         SH:  0    Dex: 10    Spells: 4/5 levels left

rFire   . . .      SeeInvis .    f - +1 dagger (venom)
rCold   . . .      Faith    .    (no shield)
rNeg    + . .      Spirit   .    a - +0 robe
rPois   ∞          Reflect  .    (no helmet)
rElec   +          Harm     .    (no cloak)
rCorr   .          Rampage  .    (no gloves)
Will    .....                    (no boots)
Stlth   ++........               (no amulet)
HPRegen 0.05/turn                (no ring)
MPRegen 0.09/turn                (no ring)

@: no status effects
A: sickness immunity, AC +2, negative energy resistance 1, electricity
resistance, torment resistance 1, petrification resistance
a: no special abilities


You were on level 2 of the Dungeon.
You visited 1 branch of the dungeon, and saw 2 of its levels.

You collected 35 gold pieces.

Inventory:

Hand Weapons
 f - a +1 dagger of venom (weapon)
Armour
 a - a +0 robe (worn)
Scrolls
 c - a scroll of enchant armour {unknown}
 e - a scroll of identify {unknown}
 h - a scroll of teleportation {unknown}
Potions
 b - a potion of magic
 d - 3 potions of curing {unknown}
 g - a potion of flight {unknown}


   Skills:
 - Level 1.5 Dodging
 - Level 2.1 Stealth
 * Level 2.3 Spellcasting
 - Level 1.1 Transmutations
 * Level 3.3 Poison Magic


You had 4 spell levels left.
You knew the following spells:

 Your Spells              Type           Power      Damage    Failure   Level
a - Sting                 Tmut/Pois      32%        1d4       9%          1

Your spell library contained the following spells:

 Spells                   Type           Power      Damage    Failure   Level
 Poisonous Vapours        Pois/Air       12%        N/A       16%         2
 Mephitic Cloud           Conj/Pois/Air  5%         N/A       38%         3
 Olgreb's Toxic Radiance  Pois           11%        N/A       47%         4
 Tukima's Dance           Hex            1%         N/A       54%         3
 Passage of Golubria      Tloc           1%         N/A       91%         4
 Yara's Violent Unravell  Hex/Tmut       1%         3d3       99%         5


Dungeon Overview and Level Annotations

Branches:
Dungeon (2/15)

Altars:


Innate Abilities, Weirdness & Mutations

You are immune to sickness and miasma.
Your stone body is resilient. (AC +2)
You are immune to poison.
You resist negative energy. (rN+)
You are resistant to electric shocks. (rElec)
You are resistant to unholy torment.
You are immune to petrification.


Message History

You can't see any susceptible monsters within range! (Use Z to cast anyway.)
You can't see any susceptible monsters within range! (Use Z to cast anyway.)
You open the door.
There is an open door here.
There is an open door here.
You now have 35 gold pieces (gained 10).
Done exploring.
Done exploring.
Done exploring.
(D) Dungeon
Where to? (? - help)
What level of the Dungeon? (default 1, ? - help)
There is a stone staircase leading down here.
You climb downwards.
The gnoll shouts!
Found five items.
Found an escape hatch in the floor.
Found a stone staircase leading up.
There is a stone staircase leading up here.
There are monsters nearby!
The gnoll shouts!
A gnoll comes into view. It is wielding a +0 spear.
The adder hisses angrily.
The gnoll throws a throwing net.
The throwing net hits you.
You become entangled in the net!
Okay, then.
You tear a large gash into the net.
The gnoll shouts!
You shred the net and break free! The adder closely misses you.
The gnoll throws a throwing net.
The throwing net hits you.
You become entangled in the net!
You stop ascending the stairs.
You tear a large gash into the net.
The adder bites you but does no damage. The adder bites you.
The gnoll hits you from afar with a +0 spear.
You shred the net and break free! The adder bites you.
The gnoll hits you from afar with a +0 spear!
Ouch! That really hurt!
* * * LOW HITPOINT WARNING * * *
The gnoll hits you with a +0 flail.
You die...

?..###
......#
.......##
........#
...[.g..#
..<.gg..#
.......g#
......S@#
........#
..?...[.#
......>.#
........#
........#
....$..##
#.....#


You could see 4 gnolls and an adder.

Vanquished Creatures
  A dart slug (D:1)
  2 ball pythons (D:1)
  An endoplasm (D:1)
  A goblin (D:1)
  A kobold (D:1)
  4 quokkas (D:1)
  A frilled lizard (D:1)
11 creatures vanquished.

Notes
Turn   | Place    | Note
-------+----------+-------------------------------------------
     0 | D:1      | greasedhog the Gargoyle Venom Mage began the quest for the
                  | Orb.
     0 | D:1      | Reached XP level 1. HP: 10/10 MP: 3/3
   389 | D:1      | Reached skill level 1 in Transmutations
   447 | D:1      | Reached XP level 2. HP: 15/15 MP: 1/5
  1104 | D:2      | Slain by a gnoll

Illustrated notes

Levels and vault maps discovered:
D:1:      tarquinn_simple_flora_water_a, layout_loops_corners
D:2:      wander_river, layout_rooms, serial_curves, eino_curves_04,
          eino_curves_02

Skill      XL: |  1 |
---------------+----+-----
Transmutations | 1 |  1.1
Dodging        | |  1.5
Stealth        | |  2.1
Spellcasting   | |  2.3
Poison Magic   | |  3.3

Action                   || total
-------------------------++-------
Melee: Unarmed           ||     4
       Dagger            ||     2
       Punch             ||     1
 Cast: Sting             ||    25
Armor: Robe              ||     5
Dodge: Dodged            ||     8

Table legend: (Time is in decaauts)
 A = Elapsed time spent in this place.
 B = Non-inter-level travel time spent in this place.
 C = Inter-level travel time spent in this place.
 D = Time resting spent in this place.
 E = Time spent auto-exploring this place.
 F = Levels seen in this place.
 G = Mean time per level.
                   A        B        C        D        E       F      G
               +--------+--------+--------+--------+--------+-----+--------+
         Total |   1103 |   1081 |     22 |      0 |    992 |   2 |  551.5 |
       Dungeon |   1103 |   1081 |     22 |      0 |    992 |   2 |  551.5 |
               +--------+--------+--------+--------+--------+-----+--------+

Top non-repeatable levels by time:
     D:1: 1095 daAuts
     D:2: 7 daAuts
